 Dungeon Crawl Stone Soup version 0.18-a0-1211-g828307d (webtiles) character file.

3169 wvc the Spear-Bearer (level 9, 0/74 HPs)
             Began as a White Draconian Wanderer on Feb 2, 2016.
             Was a Priest of Cheibriados.
             Slain by Lathuz's ghost (15 damage)
             ... on level 8 of the Dungeon.
             The game lasted 00:18:38 (7777 turns).

wvc the Spear-Bearer (White Draconian Wanderer)     Turns: 7777, Time: 00:18:39

Health: 0/74       AC:  6    Str: 28    XL:     9   Next: 63%
Magic:  9/9        EV: 20    Int: 22    God:    Cheibriados [***...]
Gold:   198        SH:  0    Dex: 18    Spells: 0 memorised, 8 levels left

rFire  . . .     SeeInvis .     s - +0 trident
rCold  + . .     Gourm    .     (armour unavailable)
rNeg   . . .     Faith    .     (no shield)
rPois  .         Spirit   .     (helmet restricted)
rElec  .         Dismiss  .     x - +0 cloak
rCorr  .         Reflect  .     n - +0 pair of gloves {Str+3}
SustAt .         Harm     .     i - +0 pair of boots
MR     .....                    (no amulet)
Stlth  ++........               z - +2 ring of evasion
                                y - +4 ring of evasion

@: lethally poisoned (0 -> 0), corroded equipment, very slow, not resistant to
hostile enchantments, unstealthy
A: breathe frost, unfitting armour, cold resistance 1, cold-blooded, AC +7
a: Breathe Frost, Bend Time, Temporal Distortion, Renounce Religion


You were on level 8 of the Dungeon.
You worshipped Cheibriados.
Cheibriados was most pleased with you.
You were not hungry.

You visited 1 branch of the dungeon, and saw 8 of its levels.

You collected 390 gold pieces.
You spent 192 gold pieces at shops.

Inventory:

Hand Weapons
 a - a +2 dagger
 s - a +0 trident (weapon)
 B - a cursed +0 halberd
Missiles
 b - 91 arrows
 d - 7 poisoned arrows
 q - 18 arrows of flame
Armour
 i - a +0 pair of boots (worn)
 n - a +0 pair of gloves of strength (worn)
 x - a +0 cloak (worn)
Jewellery
 t - an uncursed ring of flight
 y - a +4 ring of evasion (left hand)
 z - a +2 ring of evasion (right hand)
Wands
 k - a wand of digging (12/24)
 r - a wand of enslavement (13/24)
 F - a wand of flame (24/48)
Scrolls
 j - 2 scrolls of immolation
 o - a scroll of recharging
 v - a scroll of fear
Potions
 g - a potion of resistance
 m - 2 potions of curing
 u - 2 potions of might
 A - 3 potions of magic
Comestibles
 f - 6 bread rations
 h - 2 royal jellies
 l - 7 meat rations
 w - 5 fruits


   Skills:
 - Level 5.4 Fighting
   Level 1.0 Maces & Flails
 + Level 12.5 Polearms
   Level 1.7 Bows
 - Level 3.6 Dodging
 - Level 1.0 Stealth
 + Level 1.0 Evocations


You had 8 spell levels left.
You didn't know any spells.

Dungeon Overview and Level Annotations

Branches:
Dungeon (8/15)             Temple (0/1) D:6
   Lair: D:8-11

Altars:
Ashenzari
Cheibriados
Gozag
Kikubaaqudgha
Makhleb
Nemelex Xobeh
Ru
Sif Muna

Shops:
D:5 [   D:6 }

Annotations:
D:8 Lathuz's ghost, novice MiFi; Pikel


Innate Abilities, Weirdness & Mutations

You can breathe waves of freezing cold.
You can buffet flying creatures when you breathe cold.
Your icy white scales are hard (AC +7).
Your body does not fit into most forms of armour.
Your flesh is cold resistant.
You are cold-blooded and may be slowed by cold attacks.


Message History

The jelly is moderately wounded.
The ooze barely misses you. The jelly completely misses you.
You hit the jelly.
Your hands burn!
The jelly is heavily wounded.
The ooze misses you. The jelly closely misses you.
You puncture the jelly!
You kill the jelly!
Cheibriados thoroughly appreciates the change of pace.
You feel sick.
Lathuz's ghost says, "I was once a great warrior, and I still am!"
You hit Lathuz's ghost but do no damage.
You tail-slap Lathuz's ghost, but do no damage.
The ooze hits you but does no damage.
You barely miss Lathuz's ghost. Lathuz's ghost hits you!!
* * * LOW HITPOINT WARNING * * *
The ooze completely misses you.
You hit Lathuz's ghost but do no damage.
You tail-slap Lathuz's ghost, but do no damage.
Lathuz's ghost hits you!
You die...

#.######..#.....# ......#
#.######..#.....#.............
..........#.....#.............
..........#.....# (..........
......#####..#### ≈........
..##..#......# #####≈.....#
..###'#......# #...#......##..
..#..........# +W#.'≈†........
..#..........# #@JJ#..........
#+#..........#######≈.........
..............#####≈.....W....
....................#.........
....................#.........
....................#'######..
....................... .
###...=#'####'##....(...
#....#...#...##'##.....


You could see Lathuz's ghost and 2 oozes.

Vanquished Creatures
  Erica (D:8)
  A troll (D:6)
  A hippogriff (D:8)
  A soldier ant (D:5)
  The ghost of Duffy the Conjurer, an amateur DECj (D:4)
  A sky beast (D:7)
  A phantom (D:5)
  An ogre (D:6)
  A centaur (D:6)
  A giant frog (D:8)
  Blork the orc (D:5)
  A wyvern skeleton (D:6)
  2 scorpions
  9 killer bees (D:8)
  2 electric eels (D:7)
  2 crimson imps (D:6)
  A giant frog zombie (D:7)
  5 hounds
  4 jellies (D:8)
  An orc wizard (D:8)
  An iguana (D:6)
  7 worker ants
  A worker ant zombie (D:5)
  4 gnolls (D:6)
  4 adders
  4 oozes
  An adder zombie (D:5)
  5 worms
  4 giant geckos
  16 orcs
  3 giant cockroaches
  14 goblins
  10 hobgoblins
  6 jackals (D:1)
  9 kobolds
  2 quokkas
  A ball python (D:1)
  11 bats
  2 giant newts
  3 jackal skeletons (D:4)
  25 rats
171 creatures vanquished.

Notes
Turn   | Place    | Note
--------------------------------------------------------------
     0 | D:1      | wvc the Draconian Wanderer began the quest for the Orb.
     0 | D:1      | wvc set off with: a +2 dagger, a potion of haste, a +0 shortbow, 23 arrows, a scroll of teleportation, a bread ration
     0 | D:1      | Reached XP level 1. HP: 23/23 MP: 1/1
    53 | D:1      | Reached skill level 1 in Dodging
    68 | D:1      | Reached XP level 2. HP: 23/29 MP: 2/2
   270 | D:1      | Reached XP level 3. HP: 13/36 MP: 3/3
  1429 | D:2      | Reached XP level 4. HP: 39/42 MP: 4/4
  2212 | D:3      | Reached skill level 1 in Polearms
  2291 | D:3      | Found a snail-covered altar of Cheibriados.
  2300 | D:3      | Became a worshipper of Cheibriados the Contemplative
  2604 | D:4      | Noticed Duffy's ghost (amateur DECj)
  2612 | D:4      | Killed Duffy's ghost
  2612 | D:4      | Reached XP level 5. HP: 16/48 MP: 5/5
  2618 | D:4      | Reached XP level 6. HP: 14/56 MP: 6/6
  2947 | D:4      | Found a deep blue altar of Sif Muna.
  2993 | D:4      | Reached * piety under Cheibriados
  3219 | D:4      | Found a shattered altar of Ashenzari.
  3661 | D:4      | Reached skill level 5 in Polearms
  3743 | D:5      | Entered Level 5 of the Dungeon
  3879 | D:5      | Found Rureff's Armour Emporium.
  3905 | D:5      | Bought a +0 pair of gloves of strength for 138 gold pieces
  4017 | D:5      | Reached skill level 6 in Polearms
  4017 | D:5      | Reached XP level 7. HP: 61/61 MP: 7/7
  4017 | D:5      | Your scales start taking on an icy white colour.
  4017 | D:5      | Gained mutation: Your flesh is cold resistant. [White Draconian growth]
  4203 | D:5      | Reached skill level 7 in Polearms
  4605 | D:5      | Bought a +0 cloak for 54 gold pieces
  4662 | D:5      | Found an opulent altar of Gozag.
  4680 | D:5      | Reached ** piety under Cheibriados
  4783 | D:5      | Noticed Blork the orc
  4791 | D:5      | Killed Blork the orc
  4856 | D:5      | Gained mutation: You tend to lose your temper in combat. [potion of mutation]
  4856 | D:5      | Gained mutation: Your spells are a little easier to cast, but a little less powerful. [potion of mutation]
  4856 | D:5      | Gained mutation: You have sharp toenails. [potion of mutation]
  4962 | D:6      | Reached skill level 8 in Polearms
  4968 | D:6      | Found an ancient bone altar of Kikubaaqudgha.
  4975 | D:6      | Reached XP level 8. HP: 67/69 MP: 8/8
  4978 | D:6      | Found a sparkling altar of Nemelex Xobeh.
  4978 | D:6      | Found a sacrificial altar of Ru.
  4978 | D:6      | Found a burning altar of Makhleb.
  5399 | D:6      | Reached skill level 9 in Polearms
  5487 | D:6      | Found Vairchaz's Gadget Boutique.
  5540 | D:6      | Found a staircase to the Ecumenical Temple.
  5574 | D:6      | Noticed a troll
  5583 | D:6      | Killed a troll
  5632 | D:6      | Lost mutation: You tend to lose your temper in combat. [potion of cure mutation]
  5632 | D:6      | Lost mutation: You have sharp toenails. [potion of cure mutation]
  5632 | D:6      | Lost mutation: Your spells are a little easier to cast, but a little less powerful. [potion of cure mutation]
  6032 | D:7      | Reached skill level 10 in Polearms
  6504 | D:8      | Reached *** piety under Cheibriados
  6729 | D:8      | Reached XP level 9. HP: 50/74 MP: 9/9
  7054 | D:8      | Reached skill level 11 in Polearms
  7125 | D:8      | Noticed Pikel
  7528 | D:8      | Noticed Erica
  7545 | D:8      | Killed Erica
  7545 | D:8      | Reached skill level 12 in Polearms
  7764 | D:8      | Noticed Lathuz's ghost (novice MiFi)
  7777 | D:8      | Slain by Lathuz's ghost

Vault maps used:
D:1:      erik_arrival_orb_chamber
D:2:      forest_paths
D:3:      cheibriados_altar_1, first_bread
D:4:      corexii_shack_village, lemuel_doored_altar, kennysheep_little_box
D:5:      minmay_opposing_rooms, basic_altar, serial_shops, shop,
          uniq_blork_the_orc
D:6:      grunt_temple_overflow_open, temple_statues, serial_shops, shop
D:7:      serial_shops, shop_coins, serial_bayou_lagoon_b
D:8:      hangedman_little_slice_of_home, uniq_erica, uniq_pikel

Action                   |  1- 3 |  4- 6 |  7- 9 || total
-------------------------+-------+-------+-------++-------
Melee: Dagger            |   177 |    33 |       ||   210
       Trident           |       |   168 |   304 ||   472
 Abil: Breathe Frost     |       |       |     5 ||     5
  Use: Scroll            |       |    12 |    13 ||    25
       Potion            |       |       |     6 ||     6
 Stab: Sleeping          |     1 |     5 |     2 ||     8
       Invisible         |       |       |     1 ||     1
  Eat: Chunk             |     2 |     4 |     3 ||     9
       Meat ration       |       |     1 |       ||     1
       Pizza             |       |       |     1 ||     1
       Beef jerky        |       |       |     1 ||     1
